 Dungeon Crawl Stone Soup version 0.18-a0-119-g02a7081 (webtiles) character file.

31434 Duffy the Thaumaturge (level 13, -5/91 HPs)
             Began as a Formicid Earth Elementalist on Nov 19, 2015.
             Was the Champion of Vehumet.
             Slain by a fire crab (6 damage)
             ... in a volcano.
             The game lasted 00:40:30 (24616 turns).

Duffy the Thaumaturge (FoEE)                       Turns: 24616, Time: 00:40:30

Health: -5/91      AC:  7    Str: 12    XL:     13   Next: 96%
Magic:  30/53      EV: 18    Int: 21    God:    Vehumet [******]
Gold:   879        SH: 10    Dex: 11    Spells: 6 memorised, 14 levels left

rFire  + . .     SeeInvis +     a - staff of power {!a}
rCold  . . .     Clarity  .     m - +2 robe {rF+}
rNeg   . . .     SustAt   .     C - +0 shield
rPois  .         Gourm    .     (helmet unavailable)
rElec  .         Spirit   .     F - +0 cloak
rCorr  .         Warding  .     i - +0 pair of gloves
rMut   .         Stasis   +     r - +0 pair of boots
MR     +....                    H - amulet of faith
Stlth  ++........               n - +6 ring of evasion
                                k - ring of magical power

@: somewhat resistant to hostile enchantments, unstealthy
A: permanent stasis, dig shafts and tunnels, four strong arms, antennae 3
a: Dig, Shaft Self, Renounce Religion


You were in a volcano.
You worshipped Vehumet.
Vehumet was exalted by your worship.
You were not hungry.

You visited 3 branches of the dungeon, and saw 17 of its levels.
You also visited: Volcano.

You collected 957 gold pieces.
You spent 78 gold pieces at shops.


Innate Abilities, Weirdness & Mutations

You are under a permanent stasis effect.
You can dig through walls and to a lower floor.
Your four strong arms can wield two-handed weapons with a shield.
You have a pair of large antennae on your head (SInv).


   Skills:
 - Level 5.0 Fighting
 - Level 1.7 Dodging
 - Level 2.4 Stealth
 - Level 9.5 Shields
 - Level 12.0 Spellcasting
 + Level 10.0 Conjurations
 - Level 5.2 Transmutations
 + Level 9.1 Fire Magic
 - Level 11.2 Earth Magic


You had 14 spell levels left.
You knew the following spells:

 Your Spells              Type           Power        Failure   Level  Hunger
a - Sandblast             Erth           ######       1%          1    None
c - Stone Arrow           Conj/Erth      ######       1%          3    None
d - Lee's Rapid Deconstr  Erth           ######....   1%          5    ####...
f - Bolt of Fire          Conj/Fire      ######....   4%          6    #####..
r - Petrify               Trmt/Erth      #####...     1%          4    None
P - Passwall              Trmt/Erth      #####.....   1%          3    None

Inventory:

Missiles
 b - 213 stones (quivered)
 E - 15 poisoned needles
Armour
 i - a +0 pair of gloves (worn)
 m - a +2 robe of fire resistance (worn)
 r - a +0 pair of boots (worn)
 C - a +0 shield (worn)
 F - a +0 cloak (worn)
Magical Staves
 a - an uncursed staff of power (weapon) {!a}
Jewellery
 k - a ring of magical power (left hand)
 n - a +6 ring of evasion (right hand)
 t - an uncursed ring of wizardry
 H - an amulet of faith (around neck)
 L - a +3 ring of protection
 P - an uncursed amulet of resist corrosion {unknown}
Wands
 I - a wand of cold (7)
 W - a wand of draining (15)
 Y - a wand of fire (8)
 Z - a wand of confusion (28)
Scrolls
 f - 2 scrolls of enchant armour
 h - a scroll of amnesia
 l - 6 scrolls of magic mapping
 q - a scroll of random uselessness {unknown}
 w - 2 scrolls of recharging
 y - 3 scrolls of fear
 J - a scroll of remove curse
 O - a scroll of blinking {unknown}
 Q - a scroll of summoning
 R - a scroll of noise {unknown}
 T - a scroll of silence {unknown}
 X - a scroll of enchant weapon {unknown}
Potions
 e - a potion of magic {unknown}
 g - 3 potions of brilliance
 j - 7 potions of curing
 s - a potion of heal wounds
 u - 2 potions of resistance {unknown}
 v - 3 potions of mutation
 x - 3 potions of might
 A - 3 potions of lignification
 D - 3 potions of degeneration
 K - 2 potions of invisibility
 N - 2 potions of haste {unknown}
 U - a potion of flight {unknown}
 V - a potion of agility {unknown}
Books
 c - a book of Geomancy
 p - a book of Power
 S - a book of Necromancy
Comestibles
 d - 5 bread rations
 o - 3 slices of pizza
 z - 9 meat rations
 B - 2 fruits
 G - a beef jerky
 M - 8 chunks of flesh

Dungeon Overview and Level Annotations

Branches:
Dungeon (10/15)            Temple (1/1) D:7            Lair (6/8) D:8
 Spider (0/4) Lair:5        Slime (0/6) Lair:6
  Swamp: Lair:3-6    Shoals: Lair:3-6       Orc: D:9-12

Altars:
Ashenzari
Cheibriados
Dithmenos
Elyvilon
Fedhas
Gozag
Kikubaaqudgha
Makhleb
Nemelex Xobeh
Okawaru
Qazlal
Ru
Sif Muna
Trog
Vehumet
Xom
Yredelemnul
Zin
The Shining One

Shops:
D:4 =*[(

Annotations:
D:10 Duffy's ghost, novice OgHu
Lair:5 exclusion: door


Message History

You feel much better.
You are engulfed in roaring flames.
You resist. The fire crab barely misses you.
The fire crab claws you but does no damage.
Cast which spell? (? or * to list)
Aiming: Sandblast
Press: ? - help, Shift-Dir - straight line, f/p - fire crab
Aim: a fire crab (heavily wounded)
The blast of sand hits the fire crab.
The fire crab is heavily wounded.
You are engulfed in roaring flames.
You resist. The fire crab breathes flames at you.
The blast of flame misses you.
You are engulfed in roaring flames.
You resist.
Cast which spell? (? or * to list)
Aiming: Sandblast
Press: ? - help, Shift-Dir - straight line, f/p - fire crab
Aim: a fire crab (flame, heavily wounded)
The blast of sand hits the fire crab.
The fire crab is heavily wounded.
You are engulfed in roaring flames.
You resist. The fire crab breathes flames at you.
The blast of flame misses you.
Drink which item? (? for menu, Esc to quit)
You feel much better.
You are engulfed in roaring flames.
You resist. The fire crab barely misses you. The fire crab claws you!
You are engulfed in flames!
You resist.
Cast which spell? (? or * to list)
Aiming: Sandblast
Press: ? - help, Shift-Dir - straight line, f/p - fire crab
Aim: a fire crab (heavily wounded)
The blast of sand hits the fire crab.
The fire crab is heavily wounded.
You are engulfed in roaring flames.
You resist. The fire crab closely misses you. The fire crab claws you.
You die...

$[.l ..# ... ##.. {
#.# .[[ ##.#..# ##
#..#.# #.. ###§..#
##.)! #§§§..#.##
......###§.§∩....#
#.[[..†t@§§...###..!
####.###..§.###{ .
#..####### #.. .$).{
##... ####


You could see a fire crab.

Action                   |  1- 3 |  4- 6 |  7- 9 | 10-12 | 13-15 || total
-------------------------+-------+-------+-------+-------+-------++-------
Melee: Dagger            |    72 |    59 |       |       |       ||   131
       Mace              |       |   137 |   313 |   346 |       ||   796
       Quarterstaff      |       |       |       |    57 |       ||    57
Throw: Stone             |       |       |       |     1 |       ||     1
 Cast: Sandblast         |    75 |   109 |    72 |   105 |    27 ||   388
       Stone Arrow       |       |       |       |   285 |   258 ||   543
       Bolt of Fire      |       |       |       |       |     2 ||     2
       Passwall          |       |       |       |       |     1 ||     1
 Abil: Dig               |       |       |     1 |     8 |       ||     9
  Use: Scroll            |       |     4 |     5 |     6 |     5 ||    20
       Potion            |       |       |       |       |     3 ||     3
 Stab: Sleeping          |     1 |     2 |     1 |     3 |       ||     7
  Eat: Bread ration      |     1 |       |       |       |       ||     1
       Chunk             |       |    12 |    14 |    30 |    14 ||    70
       Fruit             |       |       |       |       |     4 ||     4

Notes
Turn   | Place    | Note
--------------------------------------------------------------
     0 | D:1      | Duffy the Formicid Earth Elementalist began the quest for the Orb.
     0 | D:1      | Reached XP level 1. HP: 13/13 MP: 3/3
   188 | D:1      | Reached XP level 2. HP: 14/19 MP: 0/5
   193 | D:1      | Reached skill level 4 in Earth Magic
   968 | D:1      | Reached XP level 3. HP: 20/24 MP: 4/7
  1443 | D:1      | Reached skill level 3 in Spellcasting
  1771 | D:1      | Learned a level 3 spell: Stone Arrow
  1775 | D:1      | Learned a level 3 spell: Passwall
  2309 | D:2      | Found a glowing silver altar of Zin.
  2346 | D:2      | Reached XP level 4. HP: 18/30 MP: 7/8
  3142 | D:3      | Reached skill level 1 in Shields
  3148 | D:3      | Reached skill level 5 in Earth Magic
  3410 | D:3      | Reached XP level 5. HP: 35/35 MP: 10/10
  4365 | D:3      | Reached skill level 2 in Shields
  4624 | D:3      | Found a faded altar to an unknown god.
  5334 | D:4      | Noticed Sigmund
  5501 | D:4      | Killed Sigmund
  5501 | D:4      | Reached skill level 7 in Earth Magic
  5501 | D:4      | Reached XP level 6. HP: 41/41 MP: 11/11
  5542 | D:4      | Found Efaod's Weapon Emporium.
  5804 | D:3      | Reached skill level 3 in Shields
  5807 | D:3      | Reached XP level 7. HP: 35/46 MP: 12/12
  5885 | D:4      | Noticed Grinder
  5957 | D:4      | Killed Grinder
  5957 | D:4      | Reached skill level 4 in Spellcasting
  6005 | D:4      | Found Mevotsed's Antique Armour Boutique.
  6173 | D:4      | Noticed Menkaure
  6179 | D:4      | Killed Menkaure
  6179 | D:4      | Reached skill level 8 in Earth Magic
  6179 | D:4      | Reached XP level 8. HP: 52/52 MP: 14/14
  6247 | D:4      | Found Nyucash's Assorted Antiques.
  6250 | D:4      | Bought a black potion for 24 gold pieces
  6250 | D:4      | Bought a scroll labeled QARIUCUMUA for 27 gold pieces
  6250 | D:4      | Bought a scroll labeled KUEFIP DIOMMO for 27 gold pieces
  6265 | D:4      | Found Duasemen's Jewellery Shop.
  6328 | D:5      | Entered Level 5 of the Dungeon
  6335 | D:5      | You fall through a shaft for 2 floors!
  6335 | D:7      | Found a staircase to the Ecumenical Temple.
  6338 | Temple   | Entered the Ecumenical Temple
  6584 | Temple   | Became a worshipper of Vehumet
  6704 | D:6      | Reached skill level 4 in Shields
  6765 | D:5      | Reached skill level 5 in Shields
  7242 | D:5      | Reached skill level 9 in Earth Magic
  7251 | D:5      | Found a bloodstained altar of Trog.
  7252 | D:5      | Noticed a wizard
  7258 | D:5      | Killed a wizard
  7417 | D:5      | Reached skill level 6 in Shields
  7792 | D:5      | Reached skill level 1 in Conjurations
  7794 | D:5      | Reached * piety under Vehumet
  7794 | D:5      | Offered knowledge of Flame Tongue by Vehumet.
  8020 | D:5      | Found a shimmering altar of Xom.
  8189 | D:6      | Reached skill level 2 in Transmutations
  8465 | D:6      | Reached skill level 5 in Spellcasting
  8499 | D:6      | Learned a level 4 spell: Petrify
  8505 | D:6      | Learned a level 5 spell: Lee's Rapid Deconstruction
  8601 | D:6      | Reached XP level 9. HP: 47/57 MP: 16/16
  8853 | D:6      | Noticed a komodo dragon
  8861 | D:6      | Killed a komodo dragon
  8861 | D:6      | Reached skill level 2 in Fighting
  8861 | D:6      | Reached skill level 7 in Shields
  9064 | D:6      | Reached skill level 3 in Fighting
  9593 | D:7      | Reached ** piety under Vehumet
  9593 | D:7      | Offered knowledge of Freeze by Vehumet.
  9695 | D:7      | Reached skill level 4 in Fighting
  9697 | D:7      | Reached skill level 8 in Shields
  9703 | D:7      | Noticed Joseph
  9989 | D:7      | Killed Joseph
  9989 | D:7      | Reached skill level 5 in Fighting
 10074 | D:7      | Reached skill level 9 in Shields
 10191 | D:7      | Reached skill level 2 in Conjurations
 10191 | D:7      | Reached XP level 10. HP: 60/74 MP: 18/18
 10465 | D:8      | Noticed Erolcha
 10480 | D:8      | Killed Erolcha
 10480 | D:8      | Reached skill level 6 in Spellcasting
 10480 | D:8      | Reached skill level 4 in Conjurations
 10534 | D:8      | Found a staircase to the Lair.
 10578 | D:8      | Noticed Prince Ribbit
 10630 | D:8      | Offered knowledge of Ignite Poison by Vehumet.
 10633 | D:8      | Killed Prince Ribbit
 10633 | D:8      | Reached skill level 7 in Spellcasting
 10973 | D:7      | Reached *** piety under Vehumet
 11306 | D:8      | Reached skill level 5 in Conjurations
 11474 | D:8      | Found a sparkling altar of Nemelex Xobeh.
 11673 | D:8      | Offered knowledge of Throw Icicle by Vehumet.
 12011 | D:9      | Reached skill level 8 in Spellcasting
 12587 | D:10     | Entered Level 10 of the Dungeon
 12609 | D:10     | Noticed Duffy's ghost (novice OgHu)
 12670 | D:10     | Reached skill level 3 in Transmutations
 12670 | D:10     | Reached XP level 11. HP: 67/79 MP: 23/23
 12733 | D:10     | Reached **** piety under Vehumet
 12848 | D:9      | Offered knowledge of Dazzling Spray by Vehumet.
 13733 | D:9      | Reached skill level 10 in Earth Magic
 13890 | Lair:1   | Entered Level 1 of the Lair of Beasts
 14140 | Lair:1   | Reached skill level 9 in Spellcasting
 14759 | Lair:1   | Reached ***** piety under Vehumet
 14766 | Lair:1   | Offered knowledge of Bolt of Fire by Vehumet.
 14800 | Lair:1   | Learned a level 6 spell: Bolt of Fire
 14880 | Lair:1   | Reached skill level 11 in Earth Magic
 15402 | Lair:1   | Reached skill level 10 in Spellcasting
 15402 | Lair:1   | Reached skill level 4 in Transmutations
 15820 | Lair:1   | Reached skill level 5 in Transmutations
 16046 | Lair:2   | Reached XP level 12. HP: 86/86 MP: 26/26
 16228 | Lair:2   | Noticed Erica
 16238 | Lair:2   | Killed Erica
 16238 | Lair:2   | Reached skill level 1 in Fire Magic
 16337 | Lair:2   | Reached skill level 2 in Fire Magic
 16355 | Lair:1   | Reached skill level 6 in Conjurations
 16850 | Lair:1   | Reached skill level 3 in Fire Magic
 17000 | Lair:1   | Reached skill level 11 in Spellcasting
 17160 | Lair:2   | Noticed a four-headed hydra
 17308 | Lair:2   | Killed a four-headed hydra
 17442 | Lair:2   | Reached skill level 4 in Fire Magic
 17599 | Lair:2   | Reached skill level 7 in Conjurations
 18278 | Lair:2   | Reached skill level 5 in Fire Magic
 19016 | Lair:2   | Reached XP level 13. HP: 91/91 MP: 28/28
 19922 | Lair:3   | Reached skill level 12 in Spellcasting
 19922 | Lair:3   | Reached skill level 6 in Fire Magic
 20299 | Lair:3   | Reached skill level 8 in Conjurations
 20721 | Lair:3   | Reached skill level 7 in Fire Magic
 20832 | Lair:3   | Offered knowledge of Ozocubu's Refrigeration by Vehumet.
 22008 | Lair:4   | Reached skill level 9 in Conjurations
 22881 | Lair:5   | Found a hole to the Spider Nest.
 22951 | Lair:5   | Reached skill level 8 in Fire Magic
 23815 | Lair:5   | Offered knowledge of Conjure Ball Lightning by Vehumet.
 23897 | Lair:5   | Reached ****** piety under Vehumet
 24416 | Lair:5   | Reached skill level 9 in Fire Magic
 24584 | Lair:6   | Found a dark tunnel.
 24592 | Volcano  | Entered a volcano
 24607 | Volcano  | Reached skill level 10 in Conjurations
 24616 | Volcano  | Slain by a fire crab

Vault maps used:
D:1:      scummos_arrival_star, hangedman_decor_opposing
D:2:      old_standard_altar, serial_forest, infiniplex_forest_clump_double,
          infiniplex_forest_straight_2, infiniplex_forest_lined_3_way,
          infiniplex_forest_join, infiniplex_forest_diagonal,
          infiniplex_forest_clump_long, first_bread, kennysheep_big_empty_room
D:3:      serial_glass, glass_columns_b, glass_columns_c, glass_columns_a,
          glass_columns_a, glass_columns_b, glass_columns_a, glass_columns_a,
          glass_columns_c, ecumenical_altar_1, minmay_misc_feat_rows
D:4:      serial_shops, nicolae_shop_trees, nicolae_shop_waterfront,
          nicolae_shop_behind_doors, shop, uniq_sigmund, uniq_grinder,
          uniq_menkaure
D:5:      kennysheep_kobold_camp, marbit_many_paths, corexii_shack, trog_wizard
D:7:      minmay_temple_entry_purple_smoke, uniq_joseph
D:8:      nemelex_deck, lair_0_dummy, uniq_prince_ribbit1, uniq_erolcha
Temple:   nicolae_temple_the_god_donut
Lair:1:   beast_lair_carwin_9
Lair:2:   serial_bayou_shore_a, uniq_erica
Lair:4:   minmay_lair_oklob_items
Lair:5:   minmay_shoals_entry_hut, spider_nest_entry_webs, lemuel_fruit_fields,
          grunt_megastairs_1, uniq_rupert
Lair:6:   minmay_slime_entry_pillars, lightli_volcano_entry_magma_tube,
          uniq_kirke
Volcano:  volcano_caves

Vanquished Creatures
  Erolcha Erica
  3 hydras
  A wizard
  6 elephants
  An oklob plant
  3 black mambas
  10 spiny frogs Joseph
  A torpor snail
  A fire drake
  9 komodo dragons Grinder Prince Ribbit
  4 blink frogs
  3 trapdoor spiders Sigmund
  31 yaks
  2 basilisks
  2 hungry ghosts
  A wyvern Menkaure
  8 hippogriffs
  16 wolves
  11 water moccasins
  8 porcupines
  2 ice beasts
  4 ogres
  2 hell hounds
  3 orc warriors
  3 phantoms
  A black bear
  3 sky beasts
  6 centaurs
  A big kobold
  10 crocodiles
  9 giant frogs
  3 scorpions
  A water moccasin skeleton
  4 wights
  11 killer bees
  3 electric eels
  2 quasits
  6 hounds
  A giant frog skeleton
  3 centaur skeletons
  5 orc priests
  9 iguanas
  5 worker ants
  10 orc wizards
  16 sheep
  A hound skeleton
  8 adders
  8 gnolls
  52 river rats
  2 shadow imps
  2 adder zombies
  2 oozes
  2 adder skeletons
  4 worms
  4 giant geckos
  37 orcs
  A ball python
  10 bats
  7 giant cockroaches
  7 goblins
  9 hobgoblins
  12 jackals
  5 quokkas
  A giant gecko skeleton
  A giant gecko zombie
  4 giant newts
  A jackal skeleton
  38 kobolds
  10 rats
  5 fungi
  3 plants
487 creatures vanquished.
